 Dungeon Crawl Stone Soup version 0.29-a0-344-ge2f44be95a (webtiles) character file.

Game seed: 15695219008244769848

2670 KateM the Cleaver (level 9, -3/81 HPs)
             Began as a Minotaur Fighter on Apr 21, 2022.
             Slain by a gnoll
             ... wielding a +0 halberd
              (10 damage)
             ... in a bailey.
             The game lasted 00:09:23 (6820 turns).

KateM the Cleaver (Minotaur Fighter)                Turns: 6820, Time: 00:09:26

Health: -3/81      AC:  8    Str: 30      XL:     9   Next: 37%
Magic:  0/8        EV:  7    Int:  4 (5)  God:
Gold:   320        SH: 15    Dex: 11      Spells: 8/8 levels left

rFire   . . .      SeeInvis +   a - +2 war axe (vorpal)
rCold   . . .      Faith    .   m - +1 tower shield
rNeg    . . .      Spirit   +   b - +0 scale mail
rPois   .          Reflect  .   (helmet restricted)
rElec   .          Harm     .   (no cloak)
rCorr   .          Rampage  .   (no gloves)
Will    .....                   (no boots)
Stlth   ..........              d - amulet of guardian spirit
HPRegen 0.23/turn               h - ring of see invisible
MPRegen 0.11/turn               g - +6 ring of strength

@: hasted, very quick
A: horns 2, retaliatory headbutt, deterioration 1, high MP 1
a: no special abilities


You were in a bailey.
You visited 1 branch of the dungeon, and saw 7 of its levels.
You also visited: Bailey.

You collected 320 gold pieces.

Inventory:

Hand Weapons
 a - a +2 vorpal war axe (weapon)
 p - a +0 war axe of electrocution
Missiles
 e - 2 throwing nets (quivered)
Armour
 b - a +0 scale mail (worn)
 m - a +1 tower shield (worn)
Jewellery
 c - an amulet of reflection
 d - an amulet of guardian spirit (around neck)
 g - a +6 ring of strength (right hand)
 h - a ring of see invisible (left hand)
 t - a +4 ring of evasion
Wands
 k - a wand of charming (13)
Scrolls
 i - 5 scrolls of teleportation
 s - 2 scrolls of holy word
 B - a scroll of fear
Potions
 f - 2 potions of haste
 j - 2 potions of curing
 o - 3 potions of heal wounds
 q - 3 potions of mutation


   Skills:
 + Level 7.8 Fighting
 * Level 10.1 Axes
 + Level 7.8 Armour
 + Level 7.6 Shields


You had 8 spell levels left.
You didn't know any spells.
Your spell library contained the following spells:

 Spells                   Type           Power      Damage    Failure   Level
 Ensorcelled Hibernation  Hex/Ice        0%         N/A       100%        2
 Static Discharge         Conj/Air       0%         N/A       100%        2
 Gell's Gravitas          Tloc           0%         N/A       100%        3
 Inner Flame              Hex/Fire       0%         N/A       100%        3
 Lesser Beckoning         Tloc           0%         N/A       100%        3
 Spider Form              Tmut/Pois      0%         N/A       100%        3
 Teleport Other           Tloc           0%         N/A       100%        3
 Tukima's Dance           Hex            0%         N/A       100%        3
 Anguish                  Hex/Necr       0%         N/A       100%        4
 Cause Fear               Hex            0%         N/A       100%        4
 Lightning Bolt           Conj/Air       0%         1d11      100%        5
 Enfeeble                 Hex            0%         N/A       100%        7
 Discord                  Hex            0%         N/A       100%        8
 Maxwell's Capacitive Co  Air            0%         ∞         100%        8


Dungeon Overview and Level Annotations

Branches:
Dungeon (7/15)             Temple (0/1) D:6          Bailey (1/1)

Altars:
Elyvilon
Fedhas
Kikubaaqudgha
Makhleb
Sif Muna
Trog
Vehumet
Xom
Zin

Shops:
D:3 (

Annotations:
D:6 1 runed translucent door, Jortsu's ghost, novice TrFi


Innate Abilities, Weirdness & Mutations

You have a pair of horns on your head.
You reflexively headbutt those who attack you in melee.
Your body sometimes deteriorates upon taking damage.
You have an increased reservoir of magic. (+10% MP)


Message History

The gnoll shaman moves out of view.
You barely miss the gnoll sergeant.
Your attack snaps the gnoll sergeant out of its fear.
You headbutt the gnoll sergeant, but do no damage.
The gnoll hits you from afar with a +0 halberd.
The gnoll shaman yells, "Help!"
You hit the gnoll sergeant but do no damage.
You headbutt the gnoll sergeant, but do no damage.
The gnoll hits you from afar with a +0 halberd!
You block the gnoll sergeant's attack.
The gnoll shaman calls down the wrath of its god upon you.
You easily resist.
You slash the gnoll sergeant!
The gnoll sergeant is moderately wounded.
You block the gnoll's attack. The gnoll sergeant barely misses you.
The gnoll shaman calls upon its god to speed up the gnoll.
The gnoll seems to speed up.
You barely miss the gnoll sergeant. You headbutt the gnoll sergeant.
The gnoll sergeant is heavily wounded.
The gnoll sergeant hits you from afar with a +0 halberd!!
The gnoll closely misses you.
The gnoll throws a throwing net.
You block the throwing net.
You are too injured to fight recklessly!
You are too injured to fight recklessly!
You hit the gnoll sergeant.
You headbutt the gnoll sergeant, but do no damage.
The gnoll sergeant is severely wounded.
The gnoll cries, "Mercy!"
The gnoll sergeant hits you from afar with a +0 halberd.
The gnoll hits you from afar with a +0 halberd.
You block the gnoll's attack.
The gnoll sergeant hits you with a +0 bardiche!!
* * * LOW HITPOINT WARNING * * *
You slice the gnoll sergeant!!
You kill the gnoll sergeant!
The gnoll hits you from afar with a +0 halberd.
* * * LOW HITPOINT WARNING * * *
You block the gnoll sergeant's attack.
The gnoll hits you from afar with a +0 halberd!
You die...

..≈≈♣♣ #..≈.♣ #..≈.♣
#..≈.. ##### #..≈..
##)..## #..≈..
##.....######..≈..
#@)g$...#...'..)†.
.....g'...8.).)(..'...).
......#.gg$...#...'.....
..##'###.....######..≈..
#.. ##...## #..≈.. #.
##### #..≈.. # #..≈..
#..≈.♣ #..≈.♣


You could see a gnoll sergeant, a gnoll shaman and 2 gnolls.

Vanquished Creatures
  Pikel (D:5)
  Sigmund (D:2)
  Eustachio (D:5)
  5 yaks (D:5)
  Menkaure (D:4)
  An orc warrior (D:6)
  An ice beast (D:4)
  2 phantoms
  A lemure (D:5)
  2 bullfrogs
  A gnoll sergeant (Bailey)
  4 hounds
  2 jellies
  2 orc priests (D:6)
  3 iron imps (D:3)
  An iguana (D:5)
  2 orc wizards (D:6)
  5 gnolls (Bailey)
  7 adders
  An ufetubus (D:6)
  2 worms (D:1)
  2 dart slugs
  2 orcs
  5 ball pythons
  5 bats (D:1)
  A bat zombie (D:3)
  9 endoplasms
  A giant cockroach (D:2)
  8 goblins
  8 hobgoblins
  4 jackals (D:2)
  4 kobolds
  3 quokkas
  4 frilled lizards
  6 rats
  A rat zombie (D:3)
109 creatures vanquished.

Vanquished Creatures (others)
  2 plants (D:2)
2 creatures vanquished.

Grand Total: 111 creatures vanquished

Notes
Turn   | Place    | Note
-------+----------+-------------------------------------------
     0 | D:1      | KateM the Minotaur Fighter began the quest for the Orb.
     0 | D:1      | Reached XP level 1. HP: 19/19 MP: 0/0
    81 | D:1      | Reached XP level 2. HP: 24/27 MP: 1/1
   124 | D:1      | Reached skill level 3 in Axes
   391 | D:1      | Found a faded altar of an unknown god.
   510 | D:1      | Reached XP level 3. HP: 33/33 MP: 2/2
  1631 | D:2      | Found a blossoming altar of Fedhas.
  1705 | D:2      | Noticed Sigmund
  1715 | D:2      | Killed Sigmund
  1716 | D:2      | Reached skill level 5 in Axes
  1716 | D:2      | Reached XP level 4. HP: 16/41 MP: 3/3
  1716 | D:2      | Reached XP level 5. HP: 18/47 MP: 4/4
  2737 | D:3      | Found a glowing silver altar of Zin.
  2743 | D:3      | Found a radiant altar of Vehumet.
  2829 | D:3      | Found Xocewaj's Weapon Shop.
  3097 | D:3      | Found an ancient bone altar of Kikubaaqudgha.
  3120 | D:3      | Found a burning altar of Makhleb.
  3140 | D:3      | Reached skill level 5 in Fighting
  3140 | D:3      | Reached XP level 6. HP: 56/56 MP: 5/5
  3142 | D:3      | Reached skill level 5 in Armour
  3483 | D:4      | Found a bloodstained altar of Trog.
  3486 | D:4      | Noticed an ice beast
  3495 | D:4      | Killed an ice beast
  3496 | D:4      | Reached skill level 6 in Axes
  3528 | D:4      | Found a shimmering altar of Xom.
  3627 | D:4      | Reached skill level 5 in Shields
  3627 | D:4      | Reached XP level 7. HP: 61/61 MP: 6/6
  4053 | D:4      | Noticed Menkaure
  4061 | D:4      | Killed Menkaure
  4474 | D:5      | Entered Level 5 of the Dungeon
  4477 | D:5      | Noticed Pikel
  4492 | D:5      | Killed Pikel
  4493 | D:5      | Reached skill level 8 in Axes
  4493 | D:5      | Reached XP level 8. HP: 15/71 MP: 7/7
  4893 | D:5      | Gained mutation: You have an increased reservoir of magic.
                  | (+10% MP) [potion of mutation]
  4893 | D:5      | Gained mutation: Your body sometimes deteriorates upon
                  | taking damage. [potion of mutation]
  4950 | D:5      | Noticed Eustachio
  4961 | D:5      | Killed Eustachio
  5105 | D:5      | Reached skill level 9 in Axes
  5111 | D:5      | Reached XP level 9. HP: 79/79 MP: 8/8
  5307 | D:5      | Found a white marble altar of Elyvilon.
  5812 | D:6      | Found a runed translucent door.
  6079 | D:6      | Found a shimmering blue altar of Sif Muna.
  6117 | D:6      | Found a shimmering altar of Xom.
  6117 | D:6      | Noticed Jortsu's ghost (novice TrFi)
  6117 | D:6      | Noticed a +2 mace of chaos
  6165 | D:6      | Found a blossoming altar of Fedhas.
  6335 | D:6      | Reached skill level 10 in Axes
  6550 | D:6      | Found a staircase to the Ecumenical Temple.
  6703 | D:7      | Found a flagged portal.
  6721 | Bailey   | Entered a bailey
  6820 | Bailey   | Slain by a gnoll

Illustrated notes

Levels and vault maps discovered:
D:1:      erik_arrival_cave_to_civilisation [erik_arrival_cave_to_temple],
          layout_basic, hellmonk_ecumenical_altar_pennies_from_heaven,
          serial_forest, infiniplex_forest_lined_3_way, infiniplex_forest_end_2,
          infiniplex_forest_clump_C, infiniplex_forest_end_2,
          infiniplex_forest_straight_3, infiniplex_forest_straight_1,
          infiniplex_forest_lined_1, nicolae_wormholes
D:2:      layout_basic, basic_altar, serial_bayou_pond_a, uniq_sigmund
D:3:      layout_basic, lemuel_zombie_altar_kikubaaqudgha, demons_altar,
          fiery_altar_vehumet, zin_statuary, serial_shops, nicolae_square_shop
D:4:      layout_cave_pods, mainiacjoe_overflow_surrounded_room,
          mainiacjoe_overflow_alcove_4, uniq_menkaure
D:5:      layout_basic, elyvilon_altar_5, kennysheep_dice, uniq_pikel,
          uniq_eustachio
D:6:      layout_loops_ring, kennysheep_orc_sif_temple, general_overflow_altar,
          minmay_temple_entry_fiery, ebering_ghost_xom, due_unseen_surprise
D:7:      layout_basic, mainiacjoe_overflow_24_doors, enter_bailey_5
Bailey:   bailey_polearm_gnolls_kennysheep, bailey

Skill      XL: |  1  2  3  4  5  6  7  8  9 |
---------------+----------------------------+-----
Axes           | 3 5 6 8 9 10 | 10.1
Fighting       | 4 5 6 7 |  7.8
Armour         | 4 5 6 7 |  7.8
Shields        | 4 5 6 7 |  7.6

Action                   |  1- 3 |  4- 6 |  7- 9 || total
-------------------------+-------+-------+-------++-------
Melee: War axe           |    75 |    63 |   140 ||   278
       Headbutt          |     9 |     8 |    29 ||    46
Throw: Throwing net      |     2 |       |       ||     2
  Use: Potion            |     1 |       |    10 ||    11
       Scroll            |       |       |    16 ||    16
Armor: Scale mail        |    38 |    28 |    31 ||    97
Dodge: Dodged            |    38 |    13 |    46 ||    97
Block: Buckler           |    17 |       |       ||    17
       Tower shield      |    12 |    40 |   110 ||   162

Table legend: (Time is in decaauts)
 A = Elapsed time spent in this place.
 B = Non-inter-level travel time spent in this place.
 C = Inter-level travel time spent in this place.
 D = Time resting spent in this place.
 E = Time spent auto-exploring this place.
 F = Levels seen in this place.
 G = Mean time per level.
                   A        B        C        D        E       F      G
               +--------+--------+--------+--------+--------+-----+--------+
         Total |   6962 |   6962 |      0 |    581 |   5236 |   8 |  870.2 |
       Dungeon |   6864 |   6864 |      0 |    581 |   5177 |   7 |  980.6 |
        Bailey |     97 |     97 |      0 |      0 |     59 |   1 |   97.0 |
               +--------+--------+--------+--------+--------+-----+--------+

Top non-repeatable levels by time:
     D:2: 1508 daAuts
     D:5: 1364 daAuts
     D:1: 1260 daAuts
     D:4: 1019 daAuts
     D:6: 888 daAuts
     D:3: 775 daAuts
  Bailey: 97 daAuts
     D:7: 48 daAuts
